 Dungeon Crawl Stone Soup version 0.29.0-13-gc9e81de378 (webtiles) character file.

Game seed: 7802840624193095787

1308 keekatzer the Sneak (level 8, -3/67 HPs)
             Began as a Ghoul Summoner on Sept 8, 2022.
             Was a Priest of Dithmenos.
             Slain by a gnoll sergeant
             ... wielding a +0 spear
              (10 damage)
             ... on level 5 of the Dungeon.
             The game lasted 00:32:22 (4851 turns).

keekatzer the Sneak (Ghoul Summoner)                Turns: 4851, Time: 00:32:23

Health: -3/67      AC:  6    Str: 12    XL:     8   Next: 58%
Magic:  11/11      EV: 12    Int: 10    God:    Dithmenos [***...]
Gold:   219        SH:  0    Dex: 11    Spells: 7/13 levels left

rFire   + + .      SeeInvis .   G - +2 rapier (freeze)
rCold   + . .      Faith    .   (no shield)
rNeg    + + +      Spirit   .   H - +0 leather armour {rF+}
rPois   ∞          Reflect  .   t - +0 helmet
rElec   .          Harm     .   a - +0 cloak
rCorr   .          Rampage  .   (no gloves)
Will    .....                   D - +0 pair of boots
Stlth   ++++......              I - amulet of magic regeneration
HPRegen 0.00/turn               (no ring)
MPRegen 0.52/turn               E - ring of protection from fire

@: inhibited regen, wreathed by umbra
A: claws 1, cold resistance 1, negative energy resistance 3, inhibited
regeneration, torment resistance 2, devour on kill
a: Renounce Religion, Shadow Step


You were on level 5 of the Dungeon.
You worshipped Dithmenos.
Dithmenos was most pleased with you.
You visited 1 branch of the dungeon, and saw 5 of its levels.

You collected 219 gold pieces.

Inventory:

Hand Weapons
 j - a +2 short sword of venom
 l - a +0 dagger of venom
 p - a +0 dagger of electrocution
 G - a +2 rapier of freezing (weapon)
Missiles
 c - 5 atropa-tipped darts (quivered)
 w - 6 poisoned darts
Armour
 a - a +0 cloak (worn)
 t - a +0 helmet (worn)
 D - a +0 pair of boots (worn)
 H - a +0 leather armour of fire resistance (worn)
Jewellery
 o - a ring of fire
 A - an amulet of faith
 E - a ring of protection from fire (right claw)
 I - an amulet of magic regeneration (around neck)
Scrolls
 e - 2 scrolls of poison
 f - 2 scrolls of blinking {unknown}
 g - 4 scrolls of identify
 h - a scroll of silence {unknown}
 i - 2 scrolls of enchant weapon {unknown}
 m - 2 scrolls of magic mapping {unknown}
 q - a scroll of brand weapon {unknown}
 r - 3 scrolls of teleportation {unknown}
 C - a scroll of noise {unknown}
Potions
 b - a potion of magic
 d - a potion of heal wounds {unknown}
 k - a potion of brilliance {unknown}
 n - a potion of haste {unknown}
 u - a potion of berserk rage {unknown}
 v - a potion of flight {unknown}
 x - a potion of degeneration {unknown}
 z - a potion of lignification {unknown}
 B - 3 potions of attraction {unknown}
 F - a potion of ambrosia {unknown}


   Skills:
 + Level 4.7 Fighting
 + Level 3.7 Short Blades
 * Level 1.1 Armour
 + Level 3.9 Dodging
 + Level 5.9 Stealth
 - Level 3.0 Spellcasting
 - Level 5.0 Summonings


You had 7 spell levels left.
You knew the following spells:

 Your Spells              Type           Power      Damage    Failure   Level
a - Summon Small Mammal   Summ           44%        N/A       4%          1
b - Call Imp              Summ           11%        N/A       7%          2
c - Call Canine Familiar  Summ           11%        N/A       14%         3

Your spell library contained the following spells:

 Spells                   Type           Power      Damage    Failure   Level
 Summon Guardian Golem    Hex/Summ       6%         N/A       36%         3
 Summon Lightning Spire   Summ/Air       6%         N/A       77%         4
 Malign Gateway           Summ/Tloc      3%         N/A       100%        7
 Summon Horrible Things   Summ           5%         N/A       100%        8


Dungeon Overview and Level Annotations

Branches:
Dungeon (5/15)             Temple (0/1) D:5

Altars:
Dithmenos

Shops:
D:1 !


Innate Abilities, Weirdness & Mutations

You are immune to poison.
You have sharp fingernails.
Your flesh is cold resistant. (rC+)
You are immune to negative energy. (rN+++)
You do not regenerate when monsters are visible.
You are immune to unholy pain and torment.
You thrive by killing the living.


Message History

The gnoll sergeant blocks your hound's attack.
The gnoll sergeant hits your hound with a +0 spear.
Your hound dies!
Your hound's corpse disappears in a puff of smoke!
Your crimson imp hits the gnoll sergeant but does no damage.
Casting: Call Canine Familiar (dangerous; 14% risk of failure)
Confirm with . or Enter, or press ? or * to list all spells.
Your crimson imp disappears in a puff of smoke!
The gnoll sergeant blocks your hound's attack.
Casting: Call Canine Familiar (dangerous; 14% risk of failure)
Confirm with . or Enter, or press ? or * to list all spells.
A beastly little devil appears in a puff of flame.
The gnoll sergeant barely misses you.
Your hound barely misses the gnoll sergeant.
The gnoll sergeant blocks your hound's attack. x2
Your hound closely misses the gnoll sergeant.
Your crimson imp blinks!
The gnoll sergeant blocks your hound's attack.
The gnoll sergeant blocks your hound's attack.
Your hound bites the gnoll sergeant but does no damage.
Your hound bites the gnoll sergeant but does no damage.
Your hound bites the gnoll sergeant but does no damage.
The gnoll sergeant blocks your hound's attack.
Your hound bites the gnoll sergeant.
Your hound disappears in a puff of smoke!
There is an open door here.
The gnoll shouts!
You hear a shout!
The gnoll hits you with a +0 flail.
You closely miss the gnoll. The gnoll closely misses you.
The gnoll sergeant completely misses you.
You hit the gnoll but do no damage. The gnoll misses you.
The gnoll sergeant hits you from afar with a +0 spear!
* * * LOW HITPOINT WARNING * * *
As you read the scroll labelled MUALUTIURO, it crumbles to dust.
It is a scroll of identify.
e - 2 scrolls of poison The gnoll hits you with a +0 flail!
* * * LOW HITPOINT WARNING * * *
The gnoll sergeant hits you from afar with a +0 spear!
You die...

#.# ##...## #.# #g##
##.....## ###.# #..##
##.......## ##.#.##
#...####.........####.....#
###.g..'.........'.......#
#.####....g...g####....#
### ##g......## ##.#.##
##....g#########..# ####
##...g.@g..# ##.#
○§.#########.######.# #.#
.§.........#.# #.# #.#
°☼..###.##.#.#### #<# #.#
###....#........# #.# #.#
#.###.##....#.###.# #.# #.#
####........h.# #.#
#.######..........#####.#
###>.......#..#.......h...#


You could see a gnoll sergeant and 4 gnolls.

Vanquished Creatures
  A hornet (D:4)
  Eustachio (D:5)
  A water moccasin (D:5)
  An ogre (D:5)
  A centaur (D:5)
  A phantom (D:5)
  A scorpion (D:5)
  A nameless horror (D:5)
  A hound (D:4)
  An orc priest (D:3)
  2 jellies (D:5)
  An iguana (D:5)
  An orc wizard (D:3)
  The ghost of TheBeaver the Sneak, a weakling DsDe (D:4)
  Robin (D:2)
  3 gnolls (D:5)
  5 adders
  2 dart slugs
  2 orcs (D:4)
  2 endoplasms
  2 giant cockroaches
  8 hobgoblins
  5 quokkas
  6 ball pythons
  6 bats
  A frilled lizard (D:3)
  12 goblins
  4 kobolds
  5 rats
79 creatures vanquished.

Vanquished Creatures (collateral kills)
  Blork the orc (D:4)
  A jelly (D:5)
  A gnoll bouda (D:5)
  2 orc wizards (D:4)
  2 gnolls (D:5)
  3 adders
  5 orcs
  5 goblins (D:2)
  A hobgoblin (D:3)
  A kobold (D:1)
  A rat (D:3)
23 creatures vanquished.

Grand Total: 102 creatures vanquished

Notes
Turn   | Place    | Note
-------+----------+-------------------------------------------
     0 | D:1      | keekatzer the Ghoul Summoner began the quest for the Orb.
     0 | D:1      | Reached XP level 1. HP: 14/14 MP: 2/2
   112 | D:1      | Found a faded altar of an unknown god.
   128 | D:1      | Found Dilech's Distillery.
   148 | D:1      | Prayed at the altar of an unknown god.
   148 | D:1      | Became a worshipper of Dithmenos the Shadowed
   148 | D:1      | Reached * piety under Dithmenos
   269 | D:1      | Reached skill level 1 in Fighting
   317 | D:1      | Reached XP level 2. HP: 17/23 MP: 3/3
   653 | D:2      | Learned a level 2 spell: Call Imp
   711 | D:2      | Reached XP level 3. HP: 29/29 MP: 1/4
   731 | D:2      | Reached skill level 1 in Short Blades
   875 | D:2      | Noticed Robin
   918 | D:2      | Reached ** piety under Dithmenos
   923 | D:2      | Killed Robin
   924 | D:2      | Reached XP level 4. HP: 16/36 MP: 2/5
  1130 | D:3      | Learned a level 3 spell: Call Canine Familiar
  1391 | D:3      | You fall into a shaft and drop 2 floors!
  1391 | D:5      | Entered Level 5 of the Dungeon
  1417 | D:4      | Noticed Blork the orc
  1423 | D:4      | Killed Blork the orc
  1424 | D:4      | Reached XP level 5. HP: 30/42 MP: 0/7
  1967 | D:3      | Reached XP level 6. HP: 50/50 MP: 6/8
  2394 | D:4      | Noticed a hornet
  2405 | D:4      | Killed a hornet
  2406 | D:4      | Reached XP level 7. HP: 6/57 MP: 2/10
  2936 | D:4      | Found a runed translucent door.
  2936 | D:4      | Noticed TheBeaver's ghost (weakling DsDe)
  2953 | D:4      | Killed TheBeaver's ghost
  3165 | D:5      | Found a staircase to the Ecumenical Temple.
  3296 | D:5      | Reached skill level 5 in Stealth
  3346 | D:5      | Reached XP level 8. HP: 58/66 MP: 11/11
  3620 | D:5      | Noticed Eustachio
  3652 | D:5      | Killed Eustachio
  3653 | D:5      | Reached skill level 5 in Summonings
  4103 | D:5      | Reached *** piety under Dithmenos
  4187 | D:5      | Reached skill level 1 in Armour
  4851 | D:5      | Slain by a gnoll sergeant

Illustrated notes

Levels and vault maps discovered:
D:1:      beargit_arrival_greenhouse, layout_loops_ring, serial_shops, shop,
          ebering_ecumenical_altar_webs, minmay_tetromino_l2
D:2:      layout_rooms, uniq_robin
D:3:      layout_basic
D:4:      layout_loops_ring, gammafunk_ghost_grave, kennysheep_generic_room_10,
          uniq_blork_the_orc
D:5:      layout_loops_corners, minmay_temple_entry_tees, lemuel_flame_loot_1,
          uniq_eustachio, uniq_sigmund

Skill      XL: |  1  2  3  4  5  6  7  8 |
---------------+-------------------------+-----
Fighting       | 1 2 3 4 |  4.7
Short Blades   | 1 2 3 |  3.7
Stealth        | 3 4 5 |  5.9
Dodging        | 2 3 |  3.9
Spellcasting   | 2 3 |  3.0
Summonings     | 4 5 |  5.0
Armour         | 1 |  1.1

Action                   |  1- 3 |  4- 6 |  7- 9 || total
-------------------------+-------+-------+-------++-------
Melee: Dagger            |    18 |       |       ||    18
       Short sword       |    70 |    93 |    96 ||   259
       Punch             |       |     1 |     1 ||     2
       Rapier            |       |       |    52 ||    52
 Cast: Summon Small Mamm |     4 |       |       ||     4
       Call Imp          |     2 |     5 |    10 ||    17
       Call Canine Famil |       |     3 |    11 ||    14
Invok: Shadow Step       |       |     1 |       ||     1
  Use: Scroll            |       |       |     1 ||     1
 Stab: Sleeping          |     4 |     6 |     6 ||    16
       Distracted        |       |     1 |       ||     1
Armor: Robe              |    20 |    27 |    19 ||    66
       Leather armour    |       |       |    17 ||    17
Dodge: Dodged            |    75 |    58 |   116 ||   249
